 Dungeon Crawl Stone Soup version 0.19-a0-524-gac65b45 (webtiles) character file.

13630 AlphabetPasta the Geomancer (level 12, -6/54 HPs)
             Began as a Vine Stalker Earth Elementalist on June 7, 2016.
             Was an Elder of Vehumet.
             Mangled by a spiny frog (17 damage)
             ... on level 11 of the Dungeon.
             The game lasted 01:08:09 (11669 turns).

AlphabetPasta the Geomancer (VSEE)                 Turns: 11669, Time: 01:08:10

Health: -6/54      AC:  3    Str: 18    XL:     12   Next: 8%
Magic:  0/30       EV: 19    Int: 23    God:    Vehumet [****..]
Gold:   519        SH:  7    Dex: 21    Spells: 7 memorised, 12 levels left

rFire  . . .     SeeInvis .     a - staff of earth
rCold  . . .     Gourm    .     c - +0 robe
rNeg   . . .     Faith    .     p - +1 buckler
rPois  .         Spirit   +     k - +0 helmet
rElec  .         Dismiss  .     (no cloak)
rCorr  +         Reflect  .     (no gloves)
SustAt .         Harm     .     (no boots)
MR     +....                    (no amulet)
Stlth  ++++......               v - ring of resist corrosion
                                C - ring "Senimmet" {+Inv Str+7 Int+4 Slay+3 Stlth+}

@: agile, somewhat resistant to hostile enchantments, stealthy
A: fangs 3, high mp 1, regeneration 3, magic shield, antimagic bite, no device
heal 3, rot immunity
a: Renounce Religion, Evoke Invisibility


You were on level 11 of the Dungeon.
You worshipped Vehumet.
Vehumet was greatly pleased with you.
You were full.

You visited 3 branches of the dungeon, and saw 13 of its levels.

You collected 519 gold pieces.

Inventory:

Hand Weapons
 n - a +1 quarterstaff
Missiles
 b - 150 stones (quivered)
Armour
 c - a +0 robe (worn)
 k - a +0 helmet (worn)
 p - a +1 buckler (worn)
Magical Staves
 a - an uncursed staff of earth (weapon)
Jewellery
 r - an uncursed ring of stealth
 v - a ring of resist corrosion (right hand)
 C - the ring "Senimmet" (left hand) {+Inv Str+7 Int+4 Slay+3 Stlth+}
   (You found it on level 8 of the Dungeon)

   [ring of intelligence]

   It affects your strength (+7).
   It affects your intelligence (+4).
   It affects your accuracy and damage with ranged weapons and melee attacks
   (+3).
   It lets you turn invisible.
   It makes you more stealthy.
Wands
 s - a wand of flame (34/48)
 w - a wand of acid (0/15)
 x - a wand of polymorph (11/24)
 y - a wand of lightning (8/15)
 D - a wand of disintegration (3/24)
Scrolls
 e - a scroll of enchant armour
 g - 9 scrolls of remove curse
 h - 3 scrolls of amnesia
Potions
 f - a potion of brilliance
 i - 2 potions of agility
 j - a potion of resistance
 l - 6 potions of curing
 q - 2 potions of might
 u - a potion of berserk rage {unknown}
 z - 3 potions of magic {unknown}
 E - 4 potions of mutation {unknown}
 F - a potion of cancellation {unknown}
Miscellaneous
 m - a phantom mirror
Comestibles
 d - 8 bread rations
 o - 6 beef jerkies
 t - 4 meat rations
 A - a fruit
 B - 8 slices of pizza
 G - a chunk of flesh


   Skills:
 - Level 2.0 Fighting
 - Level 2.5 Staves
 + Level 2.7 Dodging
 - Level 2.4 Stealth
 - Level 4.2 Shields
 * Level 11.0 Spellcasting
 * Level 8.0 Conjurations
 - Level 1.0 Transmutations
 + Level 3.1 Ice Magic
 * Level 11.3 Earth Magic
 - Level 2.1 Evocations


You had 12 spell levels left.
You knew the following spells:

 Your Spells              Type           Power        Failure   Level  Hunger
a - Sandblast             Erth           ######       1%          1    None
b - Passwall              Tmut/Erth      ######....   1%          2    None
c - Stone Arrow           Conj/Erth      ######       1%          3    None
d - Petrify               Tmut/Erth      ######..     6%          4    None
e - Lee's Rapid Deconstr  Erth           #######...   1%          5    ####...
f - Throw Frost           Conj/Ice       #####.       1%          2    None
g - Sticky Flame          Conj/Fire      ####....     3%          4    None


Dungeon Overview and Level Annotations

Branches:
Dungeon (11/15)            Temple (1/1) D:5            Lair (1/8) D:11
    Orc (0/2) D:10

Altars:
Ashenzari
Cheibriados
Dithmenos
Elyvilon
Fedhas
Gozag
Hepliaklqana
Kikubaaqudgha
Makhleb
Nemelex Xobeh
Okawaru
Pakellas
Qazlal
Ru
Sif Muna
Trog
Uskayaw
Vehumet
Xom
Yredelemnul
Zin
The Shining One


Innate Abilities, Weirdness & Mutations

You have razor-sharp teeth.
You regenerate.
When hurt, damage is shared between your health and your magic reserves.
Your bite disrupts and absorbs the magic of your enemies.
Potions and wands cannot restore your health.
You are immune to rotting.
You have an increased reservoir of magic. (+10% MP)


Message History

The wolf barely misses you. The wolf misses you. You block the wolf's attack.
You block the spiny frog's attack.
Evoke which item? (* to show all) (? for menu, Esc to quit)
Zapping:
w - a wand of acid (will waste charges)
Press: ? - help, Shift-Dir - straight line, f - spiny frog
Aim: a spiny frog (severely wounded)
The bolt of acid hits the spiny frog.
The acid corrodes the spiny frog!
You kill the spiny frog!
Vehumet accepts your kill.
You feel your power returning.
Your Spellcasting skill increases to level 11!
The bolt of acid hits the spiny frog.
The spiny frog is moderately wounded.
The bolt of acid hits the wolf.
The wolf is severely wounded.
Evoking this partially-identified wand wasted a few charges.
The spiny frog stings you!!
You die...

..#.........#............# #.
..#.........'............# #.
..#.........#............#######.
..###'#######....................
...........................^.....
############........#########....
...........#........#.......#....
...........##########.......#....
................@Fh......>###....
..........##########....#........
..........# #....###......
..........# #......'......
..........# #......#......
..........# #......#......
..........# #......#......
.####.....##########......#......
.#.>#................##'###[.....


You could see a spiny frog and a wolf.

Vanquished Creatures
  A hydra (D:8)
  Erolcha (D:11)
  The ghost of Guenter the Cleaver, a novice FoFi (D:9)
  The ghost of Dalwyn the Basher, a journeyman VSBe of Trog (D:11)
  An unseen horror (D:10)
  2 hill giants
  Pikel (D:8)
  An ugly thing (D:11)
  A spiny frog (D:11)
  A two-headed ogre (D:11)
  4 trolls
  Prince Ribbit (D:6)
  Sigmund (D:4)
  A vampire (D:10)
  2 yaks (D:8)
  A hippogriff (D:9)
  Edmund (D:6)
  A hungry ghost (D:10)
  Menkaure (D:4)
  3 orc warriors
  A porcupine (D:11)
  2 black bears
  5 phantoms
  4 ice beasts
  A necrophage (D:10)
  3 sky beasts
  6 ogres
  5 wolves
  8 centaurs
  A crocodile (D:8)
  3 big kobolds (D:8)
  6 giant frogs
  A water moccasin skeleton (D:6)
  2 scorpions
  A howler monkey (D:6)
  6 crimson imps
  A giant frog zombie (D:9)
  A quasit (D:11)
  5 jellies
  4 hounds
  7 orc wizards
  A gnoll shaman (D:8)
  10 orc priests
  3 centaur skeletons
  2 giant frog skeletons
  Jessica (D:3)
  2 iguanas
  6 worker ants
  A killer bee zombie (D:7)
  8 sheep
  A hound zombie (D:8)
  2 hound skeletons
  5 gnolls (D:8)
  11 adders
  2 howler monkey skeletons
  An adder zombie (D:6)
  2 worms
  A dart slug (D:1)
  3 giant geckos
  34 orcs
  6 giant cockroaches
  8 goblins
  10 hobgoblins
  9 jackals
  13 kobolds
  5 quokkas
  10 bats
  2 giant newts
  A jackal skeleton (D:4)
  5 rats
  A spectral orc (D:9)
266 creatures vanquished.

Vanquished Creatures (others)
  Grum (D:8)
  A slave (D:8)
  A sky beast (D:8)
  A centaur (D:8)
  5 plants (D:8)
9 creatures vanquished.

Grand Total: 275 creatures vanquished

Notes
Turn   | Place    | Note
--------------------------------------------------------------
     0 | D:1      | AlphabetPasta the Vine Stalker Earth Elementalist began the quest for the Orb.
     0 | D:1      | Reached XP level 1. HP: 9/9 MP: 4/4
   198 | D:1      | Reached XP level 2. HP: 13/13 MP: 3/6
   202 | D:1      | Learned a level 2 spell: Passwall
   677 | D:1      | Reached XP level 3. HP: 10/16 MP: 1/7
  1502 | D:2      | Reached XP level 4. HP: 20/21 MP: 5/9
  1508 | D:2      | Learned a level 3 spell: Stone Arrow
  1599 | D:2      | Found a bloodstained altar of Trog.
  2124 | D:3      | Found a radiant altar of Vehumet.
  2136 | D:3      | Became a worshipper of Vehumet
  2250 | D:3      | Reached XP level 5. HP: 24/24 MP: 4/10
  2256 | D:3      | Learned a level 4 spell: Petrify
  2427 | D:3      | Found a shimmering altar of Xom.
  2546 | D:3      | Reached skill level 5 in Earth Magic
  2564 | D:3      | Noticed Jessica
  2573 | D:3      | Killed Jessica
  2573 | D:3      | Reached skill level 1 in Shields
  2644 | D:3      | Gained mutation: You heal very quickly. [Vine Stalker growth]
  2644 | D:3      | Reached XP level 6. HP: 28/28 MP: 3/12
  2837 | D:4      | Found a sacrificial altar of Ru.
  3092 | D:4      | Noticed Sigmund
  3098 | D:4      | Killed Sigmund
  3098 | D:4      | Reached XP level 7. HP: 32/32 MP: 10/15
  3130 | D:4      | Gained mutation: You have an increased reservoir of magic. (+10% MP) [potion of beneficial mutation]
  3202 | D:4      | Noticed Menkaure
  3205 | D:4      | Killed Menkaure
  3205 | D:4      | Reached skill level 5 in Spellcasting
  3212 | D:4      | Learned a level 5 spell: Lee's Rapid Deconstruction
  3556 | D:5      | Entered Level 5 of the Dungeon
  3604 | D:5      | Learned a level 5 spell: Lee's Rapid Deconstruction
  3617 | D:5      | Reached * piety under Vehumet
  3617 | D:5      | Offered knowledge of Sting by Vehumet.
  3843 | D:5      | Found a staircase to the Ecumenical Temple.
  3854 | D:5      | Gained mutation: You have razor-sharp teeth. [Vine Stalker growth]
  3854 | D:5      | Reached XP level 8. HP: 36/36 MP: 12/19
  3859 | Temple   | Entered the Ecumenical Temple
  4512 | D:6      | Noticed Prince Ribbit
  4522 | D:6      | Killed Prince Ribbit
  4545 | D:6      | Noticed Edmund
  4568 | D:6      | Killed Edmund
  4720 | D:6      | Reached XP level 9. HP: 35/39 MP: 2/22
  5230 | D:6      | Offered knowledge of Throw Frost by Vehumet.
  5233 | D:6      | Reached ** piety under Vehumet
  5363 | D:6      | Learned a level 2 spell: Throw Frost
  5420 | D:6      | Found an oddly glowing altar of Pakellas.
  5448 | D:6      | Found a snail-covered altar of Cheibriados.
  5641 | D:7      | Reached skill level 1 in Conjurations
  5853 | D:7      | Identified a scroll of acquirement
  5859 | D:7      | Found a hazy altar of Hepliaklqana.
  6027 | D:7      | Found a shattered altar of Ashenzari.
  6313 | D:7      | Reached skill level 1 in Staves
  6335 | D:7      | Found a glowing golden altar of the Shining One.
  6697 | D:8      | Offered knowledge of Dazzling Spray by Vehumet.
  6952 | D:8      | Found a stormy altar of Qazlal.
  6965 | D:8      | Noticed Pikel
  6981 | D:8      | Killed Pikel
  6981 | D:8      | Reached XP level 10. HP: 44/44 MP: 10/25
  7028 | D:8      | Noticed Grum
  7053 | D:8      | Killed Grum
  7074 | D:8      | Reached *** piety under Vehumet
  7450 | D:8      | Noticed a three-headed hydra
  7732 | D:8      | Reached skill level 5 in Conjurations
  7830 | D:8      | Killed a three-headed hydra
  7830 | D:8      | Reached skill level 1 in Evocations
  8131 | D:8      | Offered knowledge of Airstrike by Vehumet.
  8168 | D:8      | Got a flickering iron ring
  8170 | D:8      | Identified the ring "Senimmet" {+Inv Str+7 Int+4 Slay+3 Stlth+} (You found it on level 8 of the Dungeon)
  8383 | D:9      | Reached skill level 10 in Earth Magic
  8478 | D:9      | Noticed a hill giant
  8485 | D:9      | Killed a hill giant
  8584 | D:9      | Reached XP level 11. HP: 48/48 MP: 25/28
  8816 | D:9      | Found a basalt altar of Yredelemnul.
  8854 | D:9      | Reached skill level 1 in Fighting
  8901 | D:9      | Noticed Guenter's ghost (novice FoFi)
  8909 | D:9      | Killed Guenter's ghost
  8909 | D:9      | Reached skill level 10 in Spellcasting
  8909 | D:9      | Reached skill level 1 in Ice Magic
  8928 | D:9      | Reached **** piety under Vehumet
  9522 | D:10     | Entered Level 10 of the Dungeon
  9523 | D:10     | Offered knowledge of Sticky Flame by Vehumet.
  9537 | D:10     | Killed an unseen horror
  9553 | D:10     | Learned a level 4 spell: Sticky Flame
 10057 | D:10     | Found a staircase to the Orcish Mines.
 10247 | D:10     | Found a blossoming altar of Fedhas.
 10558 | D:11     | Noticed Dalwyn's ghost (journeyman VSBe)
 10729 | D:11     | Found a staircase to the Lair.
 10738 | D:11     | Noticed Erolcha
 10744 | D:11     | Killed Erolcha
 10779 | D:11     | Found a shimmering altar of Xom.
 11056 | D:11     | Noticed a hill giant
 11059 | D:11     | Noticed a white ugly thing
 11060 | D:11     | Killed a hill giant
 11063 | D:11     | Killed a white ugly thing
 11348 | D:11     | Killed Dalwyn's ghost
 11348 | D:11     | Gained mutation: You regenerate. [Vine Stalker growth]
 11348 | D:11     | Reached XP level 12. HP: 54/54 MP: 8/30
 11448 | Lair:1   | Entered Level 1 of the Lair of Beasts
 11669 | D:11     | Mangled by a spiny frog

Vault maps used:
D:1:      minmay_arrival_plants_in_alcoves, minmay_misc_feat_doors
D:2:      bloody_trog, first_bread, serial_forest, infiniplex_forest_end_2,
          infiniplex_forest_straight_3, infiniplex_forest_clump_C,
          infiniplex_forest_clump_diagonal, infiniplex_forest_clump_double,
          infiniplex_forest_lined_room_2, infiniplex_forest_end_2,
          infiniplex_forest_lined_3, infiniplex_forest_3_way
D:3:      marbit_many_paths, led_xom_imps, uniq_jessica
D:4:      nicolae_ru_awakened_eye, st_stairs_10, uniq_menkaure, uniq_sigmund
D:5:      minmay_temple_entry_junction
D:6:      minitemple, kennysheep_generic_room_11, uniq_prince_ribbit1,
          uniq_edmund
D:7:      evilmike_ruin_ashenzari, kennysheep_mini_moat, kennysheep_little_box,
          grunt_decor_fettered
D:8:      lemuel_crystal_altar, hangedman_ranch, uniq_grum, uniq_pikel,
          uniq_psyche
D:9:      yredelemnul_forgotten_temple_becter, serial_glass, glass_columns_b,
          glass_columns_a, item_on_display_a, minmay_strange_pillars,
          feat_on_display, minivault_24
D:10:     orc_0_dummy, fedhas_altar_3
D:11:     lair_0_dummy, basic_altar, uniq_erolcha
Temple:   triangle_lava_temple_10
Lair:1:   minivault_11, hibernation_bobbens

Skill      XL: |  1  2  3  4  5  6  7  8  9 10 11 12 |
---------------+-------------------------------------+-----
Earth Magic    | 4 5 6 8 9 10 11 | 11.3
Spellcasting   | 3 4 5 7 8 9 10 11 | 11.0
Shields        | 1 2 3 4 |  4.2
Conjurations   | 3 6 7 8 |  8.0
Staves         | 1 2 |  2.5
Evocations     | 1 2 |  2.1
Fighting       | 2 |  2.0
Ice Magic      | 2 3 |  3.1
Dodging        | 2 |  2.7
Stealth        | |  2.4
Transmutations | |  1.0

Action                   |  1- 3 |  4- 6 |  7- 9 | 10-12 || total
-------------------------+-------+-------+-------+-------++-------
Melee: Unarmed           |     6 |       |    21 |       ||    27
       Bite              |     2 |       |    10 |     3 ||    15
       Staff             |       |       |     5 |    17 ||    22
 Cast: Sandblast         |    65 |    81 |   212 |    35 ||   393
       Stone Arrow       |       |       |    37 |   155 ||   192
       Lee's Rapid Decon |       |       |       |    27 ||    27
       Petrify           |       |       |       |    10 ||    10
Evoke: Wand              |       |       |    10 |     4 ||    14
  Use: Scroll            |       |       |    20 |     3 ||    23
       Potion            |       |       |     2 |     4 ||     6
 Stab: Sleeping          |       |       |     1 |       ||     1
  Eat: Chunk             |     2 |     5 |    11 |    13 ||    31
       Beef jerky        |       |       |     1 |       ||     1
       Fruit             |       |       |       |    11 ||    11
       Royal jelly       |       |       |       |     1 ||     1
Armor: Robe              |     4 |    10 |    16 |    15 ||    45
Dodge: Dodged            |    16 |    17 |    81 |    61 ||   175
Block: Buckler           |       |       |    38 |    36 ||    74
